 Dungeon Crawl Stone Soup version 0.17-a0-2027-gcac42c4 (webtiles) character file.

3124 graki42 the Basher (level 9, -8/101 HPs)
             Began as an Ogre Berserker on Oct 10, 2015.
             Was an Elder of Trog.
             Mangled by an ogre
             ... wielding a +0 giant spiked club
              (21 damage)
             ... on level 8 of the Dungeon.
             The game lasted 00:20:17 (7021 turns).

graki42 the Basher (Ogre Berserker)                 Turns: 7021, Time: 00:20:17

Health: -8/101     AC:  6    Str: 27    XL:     9   Next: 91%
Magic:  9/9        EV: 12    Int: 11    God:    Trog [****..]
Gold:   277        SH:  0    Dex:  9    Spells: 0 memorised, 8 levels left

rFire  . . .     SeeInvis +     a - +0 giant spiked club
rCold  . . .     Clarity  .     x - +0 robe (curse)
rNeg   . . .     SustAt   .     (no shield)
rPois  .         Gourm    .     (helmet restricted)
rElec  .         Spirit   .     h - +0 cloak
rCorr  .         Warding  .     (gloves unavailable)
rMut   .         Rnd*Tele +     (boots unavailable)
MR     .....                    (no amulet)
Stlth  +.........               z - ring of teleportation (curse)
                                u - ring of see invisible

@: brilliant, not resistant to hostile enchantments, very unstealthy
A: unfitting armour, slimy green scales 1, high mp 1, slow regeneration 1, tough
skin 1
a: Burn Spellbooks, Berserk, Trog's Hand, Brothers in Arms, Renounce Religion,
Evoke Teleportation


You were on level 8 of the Dungeon.
You worshipped Trog.
Trog was greatly pleased with you.
You were not hungry.

You visited 1 branch of the dungeon, and saw 8 of its levels.

You collected 277 gold pieces.

Inventory:

Hand Weapons
 a - a +0 giant spiked club (weapon)
 y - a +1 flail of holy wrath
Missiles
 A - a throwing net (quivered)
Armour
 h - a +0 cloak (worn)
 x - a cursed +0 robe (worn)
Jewellery
 u - a ring of see invisible (left hand)
 z - a cursed ring of teleportation (right hand)
Wands
 l - a wand of confusion (33)
 t - a wand of random effects (37)
 B - a wand of draining (6)
Scrolls
 b - 4 scrolls of fear {unknown}
 d - 5 scrolls of amnesia {unknown}
 i - 5 scrolls of remove curse {unknown}
 j - 3 scrolls of fog {unknown}
 k - 5 scrolls of identify {unknown}
 o - 2 scrolls of immolation {unknown}
 r - a scroll of noise {unknown}
 v - 2 scrolls of enchant weapon {unknown}
 D - a scroll of teleportation {unknown}
 G - a scroll of recharging {unknown}
Potions
 e - a potion of flight {unknown}
 g - a potion of brilliance
 m - a potion of poison {unknown}
 n - a potion of lignification {unknown}
 s - a potion of berserk rage {unknown}
 w - a potion of magic {unknown}
 C - a potion of curing
 E - a potion of heal wounds {unknown}
Books
 F - a Fen Folio

   Spells                             Type                      Level
   a - Corpse Rot                     Necromancy                   2
   b - Stone Arrow                    Conjuration/Earth            3
   c - Leda's Liquefaction            Hexes/Earth                  4
   d - Summon Forest                  Summoning/Translocation      5
   e - Hydra Form                     Transmutation                6
   f - Summon Hydra                   Summoning                    7
   Trog disapproves of the use of such an item.
Comestibles
 c - 2 bread rations
 f - 4 meat rations
 p - a royal jelly
 q - a beef jerky
 I - 15 fruits


   Skills:
 + Level 10.0 Fighting
 + Level 10.3 Maces & Flails
 + Level 8.5 Dodging
 - Level 1.0 Stealth


You had 8 spell levels left.
You didn't know any spells.

Dungeon Overview and Level Annotations

Branches:
Dungeon (8/15)
 Temple: D:4-7         Lair: D:8-11

Altars:
Ashenzari
Dithmenos
Fedhas
Kikubaaqudgha
Sif Muna
Trog
Vehumet
Xom
Yredelemnul


Innate Abilities, Weirdness & Mutations

You are too large for most types of armour.
You have tough skin (AC +1).
You are partially covered in slimy green scales (AC +2).
You have an increased reservoir of magic (+10% MP).
You regenerate slowly when monsters are visible.


Message History

The killer bee misses you.
You impale the killer bee!!
You kill the killer bee!
Trog accepts your kill.
Your Fighting skill increases to level 10!
There is an open door, spattered with blood here.
You see here a killer bee corpse.
You start resting.
You feel less exhausted.
You start resting.
You are suddenly yanked towards a nearby monster!
Your surroundings suddenly seem different.
An ogre comes into view. It is wielding a giant spiked club.
The ogre shouts!
The ogre hits you with a giant spiked club!
* * * LOW HITPOINT WARNING * * *
Found a meat ration.
You closely miss the ogre.
The ogre hits you with a giant spiked club!!
You die...

..#
#......(.
#... ###
#........
#...
#########
##...####
#.....%.#
#.......#
#.......#
#.......#
#.....@.#
#......O#
#.......#
#########


You could see an ogre.

Vanquished Creatures
  The ghost of kae the Spear-Bearer, a novice NaFi of Cheibriados (D:6)
  Grinder (D:5)
  A water moccasin (D:6)
  4 sky beasts
  A black bear (D:6)
  An ogre (D:4)
  A phantom (D:8)
  A water moccasin zombie (D:7)
  2 scorpions
  A wyvern zombie (D:6)
  3 killer bees (D:8)
  3 giant frogs (D:6)
  3 wights (D:7)
  4 crimson imps
  A jelly (D:5)
  3 hounds
  7 orc wizards
  3 orc priests
  A centaur zombie (D:8)
  A centaur skeleton (D:6)
  Natasha (thrice) (D:2)
  An iguana (D:4)
  8 worker ants
  2 killer bee zombies (D:8)
  4 gnolls (D:6)
  5 adders
  4 shadow imps
  An ooze (D:3)
  An adder skeleton (D:4)
  A worm (D:2)
  3 giant geckos
  28 orcs
  2 ball pythons
  7 giant cockroaches
  6 goblins
  4 hobgoblins
  13 jackals
  8 kobolds
  3 quokkas
  A ball python skeleton (D:4)
  7 bats
  11 giant newts
  A quokka skeleton (D:6)
  A quokka zombie (D:3)
  10 rats
178 creatures vanquished.

Vanquished Creatures (collateral kills)
  A centaur (D:6)
  An iguana (D:6)
  An adder (D:6)
  A giant newt (D:6)
4 creatures vanquished.

Grand Total: 182 creatures vanquished

Notes
Turn   | Place    | Note
--------------------------------------------------------------
     0 | D:1      | graki42 the Ogre Berserker began the quest for the Orb.
     0 | D:1      | Reached XP level 1. HP: 24/24 MP: 1/1
   150 | D:1      | Reached XP level 2. HP: 11/33 MP: 2/2
   907 | D:2      | Found a bloodstained altar of Trog.
   911 | D:2      | Reached XP level 3. HP: 40/40 MP: 3/3
   998 | D:2      | Noticed Natasha
  1007 | D:2      | Killed Natasha
  1007 | D:2      | Reached skill level 5 in Fighting
  1132 | D:2      | Acquired Trog's second power
  1221 | D:2      | Noticed Natasha
  1232 | D:2      | Killed Natasha
  1232 | D:2      | Reached XP level 4. HP: 27/50 MP: 4/4
  1348 | D:2      | Noticed Natasha
  1357 | D:2      | Killed Natasha
  1549 | D:2      | Reached skill level 5 in Maces & Flails
  1969 | D:3      | Found a basalt altar of Yredelemnul.
  1969 | D:3      | Found an ancient bone altar of Kikubaaqudgha.
  1970 | D:3      | Found a radiant altar of Vehumet.
  1989 | D:3      | Reached XP level 5. HP: 53/57 MP: 5/5
  2126 | D:3      | Found a bloodstained altar of Trog.
  2639 | D:4      | Reached XP level 6. HP: 36/67 MP: 6/6
  2886 | D:4      | Noticed an ogre
  2891 | D:4      | Reached skill level 6 in Fighting
  2892 | D:4      | Acquired Trog's third power
  2899 | D:4      | Killed an ogre
  2899 | D:4      | Reached skill level 5 in Dodging
  3260 | D:4      | Found a shattered altar of Ashenzari.
  3497 | D:4      | Reached skill level 1 in Stealth
  3497 | D:4      | Reached XP level 7. HP: 48/76 MP: 7/7
  3724 | D:4      | Found a shadowy altar of Dithmenos.
  3918 | D:5      | Entered Level 5 of the Dungeon
  4363 | D:5      | Noticed Grinder
  4377 | D:5      | Killed Grinder
  4377 | D:5      | Reached skill level 7 in Fighting
  4457 | D:5      | Reached XP level 8. HP: 75/87 MP: 8/8
  4553 | D:5      | Found a shimmering altar of Xom.
  5163 | D:6      | Noticed kae's ghost (novice NaFi)
  5171 | D:6      | Killed kae's ghost
  5171 | D:6      | Reached skill level 8 in Fighting
  5339 | D:6      | Reached XP level 9. HP: 45/97 MP: 9/9
  5796 | D:6      | Reached skill level 9 in Maces & Flails
  5837 | D:6      | Gained mutation: You are partially covered in slimy green scales (AC +2). [mutagenic meat]
  5839 | D:6      | Gained mutation: You regenerate slowly when monsters are visible. [mutagenic meat]
  5840 | D:6      | Gained mutation: You are agile. (Dex +2) [mutagenic meat]
  5841 | D:6      | Lost mutation: You are agile. (Dex +2) [mutagenic meat]
  6262 | D:6      | Gained mutation: You are clumsy. (Dex -2) [mutagenic meat]
  6263 | D:6      | Gained mutation: You have an increased reservoir of magic (+10% MP). [mutagenic meat]
  6388 | D:6      | Found a deep blue altar of Sif Muna.
  6621 | D:7      | You fall through a shaft!
  6751 | D:8      | Found a blossoming altar of Fedhas.
  6968 | D:8      | Reached skill level 10 in Maces & Flails
  6987 | D:8      | Lost mutation: You are clumsy. (Dex -2) [mutagenic meat]
  7006 | D:8      | Reached skill level 10 in Fighting
  7021 | D:8      | Mangled by an ogre

Vault maps used:
D:1:      dpeg_arrival_long_road, solitary_fountain
D:2:      trog_three_pillars_becter, uniq_natasha
D:3:      gammafunk_temple_overflow_claw, first_bread, interstate_on_off,
          trog_butcher_becter
D:4:      lemuel_crystal_altar, kennysheep_mini
D:5:      nicolae_overflow_hidden_temple, uniq_grinder
D:6:      lemuel_blue_sif_altar
D:7:      minmay_temple_entry_hall
D:8:      hangedman_tree_tricks

Action                   |  1- 3 |  4- 6 |  7- 9 || total
-------------------------+-------+-------+-------++-------
Melee: Mace              |    81 |   177 |       ||   258
       Giant spiked club |       |     9 |   243 ||   252
Invok: Berserk           |     1 |     3 |     6 ||    10
       Trog's Hand       |       |       |     2 ||     2
       Brothers in Arms  |       |       |     1 ||     1
       Burn Spellbooks   |       |       |     1 ||     1
  Use: Potion            |       |       |     2 ||     2
 Stab: Sleeping          |     1 |     2 |     1 ||     4
  Eat: Chunk             |       |    11 |    28 ||    39
       Beef jerky        |       |       |     1 ||     1
